 Dungeon Crawl Stone Soup version 0.31-a0-833-gc15d34cb79 (webtiles) character file.

Game seed: 13834889270628896150

92 LeprechaunX the Changeling (level 4, -1/29 HPs)
             Began as an Octopode Shapeshifter on Sept 23, 2023.
             Slain by Robin
             ... wielding a +0 hand axe
              (3 damage)
             ... on level 2 of the Dungeon on Sept 25, 2023.
             The game lasted 00:02:15 (1166 turns).

LeprechaunX the Changeling (Octopode Shapeshifter)  Turns: 1166, Time: 00:02:16

Health: -1/29      AC:  1    Str: 15    XL:     4   Next: 60%
Magic:  4/4        EV: 13    Int: 12    God:
Gold:   53         SH:  0    Dex: 11    Spells: 3/3 levels left

rFire   . .          .
                       - Unarmed
rCold   . . .        (no shield)
rNeg    . . .        (helmet currently unavailable)
rPois   .            (no amulet)
rElec   .            e - ring of resist corrosion
rCorr   +            (no ring)
SInv    .            (no ring)
Will    .....        (no ring)
Stlth   ++           (no ring)
HPRegen 0.24/turn    (no ring)
MPRegen 0.09/turn    (no ring)
                     (no ring)

%: no passive effects
@: beast-form
A: beast (slay +2), almost no armour, amphibious, 8 rings, camouflage 1,
gelatinous body 1, (nimble swimmer 1), tentacles
a: Begin Untransformation


You were on level 2 of the Dungeon.
You were a hulking beast.
You visited 1 branch of the dungeon, and saw 2 of its levels.

You collected 53 gold pieces.

Inventory:

Missiles
 h - 4 javelins
Jewellery
 e - a ring of resist corrosion (left tentacle)
 q - an amulet of the acrobat
Talismans
 b - a beast talisman (active)
 c - a flux talisman
Scrolls
 f - a scroll of fear {unknown}
 g - a scroll of immolation {unknown}
 k - a scroll of teleportation {unknown}
 l - a scroll of silence {unknown}
 n - a scroll of vulnerability {unknown}
 o - a scroll of enchant armour {unknown}
Potions
 a - a potion of lignification
 d - a potion of enlightenment {unknown}
 i - a potion of attraction {unknown}
 j - 2 potions of heal wounds {unknown}
 m - a potion of degeneration {unknown}
 p - a potion of cancellation {unknown}


   Skills:
 + Level 2.0 Fighting
 + Level 2.6 Dodging
 + Level 3.5 Unarmed Combat
 * Level 3.8 Shapeshifting


You had 3 spell levels left.
You didn't know any spells.
Your spell library contained the following spells:

 Spells                   Type           Power      Damage    Failure   Level
 Magic Dart               Conj           0%         1d3       32%         1
 Call Imp                 Summ           0%         N/A       45%         2
 Mephitic Cloud           Conj/Pois/Air  0%         N/A       69%         3


Dungeon Overview and Level Annotations

Branches:
Dungeon (2/15)

Altars:

Annotations:
D:2 Robin


Innate Abilities, Weirdness & Mutations

You are a hulking beast.
Your limbs bulge with bestial killing power. (Slay +2)
You cannot wear most types of armour.
You are amphibious.
You can wear up to eight rings at the same time.
Your skin changes colour to match your surroundings (Stealth+).
Your rubbery body absorbs attacks. (AC +1, EV +1)
((You are camouflaged when in or above water. (Stealth+)))
You have tentacles for arms and can constrict up to eight enemies at once.


Message History

You tentacle-slap the goblin.
You kill the goblin!
The goblin completely misses you.
Items here: )))) ††.
You barely miss the goblin. You grab the goblin. You constrict the goblin.
The goblin hits you with a +0 club.
* * * LOW HITPOINT WARNING * * *
You tentacle-slap the goblin.
You kill the goblin!
Things that are here:
a +0 club; a goblin corpse You start resting.
Robin of the Strong Arm comes into view.
They are wielding a +0 hand axe.
Robin roars a battlecry!
The goblin goes into a battle-frenzy!
The goblin shouts!
You hear a shout!
Robin says, "A pitiful Octopus like you will never find the ORB!"
Robin barely misses you.
You tentacle-slap Robin but do no damage.
Your grab misses Robin. Robin throws the goblin at you!
You barely miss Robin. Your grab misses Robin.
Your tentacle-slap misses Robin.
You squeeze Robin!
Robin is heavily wounded.
Robin hits you with a +0 hand axe. The goblin hits you with a +0 club.
You barely miss Robin. You grab Robin.
Robin is heavily wounded.
You constrict Robin. Robin hits you with a +0 hand axe.
The goblin closely misses you.
You tentacle-slap Robin but do no damage.
Robin is severely wounded.
You constrict Robin. The goblin hits you with a +0 club.
* * * LOW HITPOINT WARNING * * *
Robin hits you with a +0 hand axe.
* * * LOW HITPOINT WARNING * * *
You tentacle-slap Robin but do no damage.
You squeeze Robin, but do no damage.
Robin is almost dead.
You constrict Robin. Robin hits you with a +0 hand axe.
You die...
Robin says, "And that's why I'm the boss."

..## ............#. ..##
........g...g ...## .......).#gg
#...# #..(.......## #.#.######.#
#..#...<....# ...........#
#..#######g.# ..#..#######
#..##.....g.# #
..##..############g......#...#.#.
..###......))).ghg)..[...>.......
.## ##############.#.....#...#.#.
.###### #.#.........#.#. ......#
#.............. ......#
#######.......## ......#
##<....## ......# #...# ......#
... ......#


You could see Robin and 2 goblins.

Vanquished Creatures
  Terence (D:2)
  2 adders (D:2)
  2 worms (D:2)
  2 ball pythons (D:1)
  3 bats
  2 endoplasms
  11 goblins
  4 hobgoblins
  4 kobolds
  A quokka (D:1)
  5 frilled lizards
  5 rats
42 creatures vanquished.

Notes
Turn   | Place    | Note
-------+----------+-------------------------------------------
     0 | D:1      | LeprechaunX the Octopode Shapeshifter began the quest for
                  | the Orb.
     0 | D:1      | Reached XP level 1. HP: 13/13 MP: 1/1
   124 | D:1      | Found a faded altar of an unknown god.
   139 | D:1      | Reached XP level 2. HP: 18/18 MP: 2/2
   571 | D:1      | Upgraded the game from 0.31-a0-819-gf6de2f5ab6 to
                  | 0.31-a0-833-gc15d34cb79
   639 | D:2      | Noticed Terence
   650 | D:2      | Killed Terence
   651 | D:2      | Reached XP level 3. HP: 7/24 MP: 3/3
   839 | D:2      | Reached XP level 4. HP: 18/29 MP: 4/4
  1158 | D:2      | Noticed Robin
  1166 | D:2      | Slain by Robin

Illustrated notes

Levels and vault maps discovered:
D:1:      beargit_arrival_diablo_church, layout_basic,
          chequers_ecumenical_altar_twisty
D:2:      kennysheep_six_static_rooms, layout_basic, kennysheep_generic_room_13,
          uniq_terence, uniq_robin

Skill      XL: |  1  2  3  4 |
---------------+-------------+-----
Fighting       | 2 |  2.0
Dodging        | |  2.6
Unarmed Combat | |  3.5
Shapeshifting  | |  3.8

Action                     |  1- 3 |  4- 6 || total
---------------------------+-------+-------++-------
  Melee: Unarmed           |    60 |    35 ||    95
         Constrict         |    14 |    12 ||    26
         Tentacles         |    10 |     8 ||    18
         Punch             |     1 |       ||     1
   Stab: Sleeping          |     6 |       ||     6
 Armour: Skin              |    23 |    19 ||    42
  Dodge: Dodged            |    32 |    20 ||    52

Table legend: (Time is in decaauts)
 A = Elapsed time spent in this place.
 B = Non-inter-level travel time spent in this place.
 C = Inter-level travel time spent in this place.
 D = Time resting spent in this place.
 E = Time spent auto-exploring this place.
 F = Levels seen in this place.
 G = Mean time per level.
                   A        B        C        D        E       F      G
               +--------+--------+--------+--------+--------+-----+--------+
         Total |   1159 |   1102 |     57 |    193 |    664 |   2 |  579.5 |
       Dungeon |   1159 |   1102 |     57 |    193 |    664 |   2 |  579.5 |
               +--------+--------+--------+--------+--------+-----+--------+

Top non-repeatable levels by time:
     D:1: 625 daAuts
     D:2: 534 daAuts
